 Dungeon Crawl Stone Soup version 0.20-a0-4-gd166d5d (webtiles) character file.

721 sveltemanboy the Poker (level 7, -1/50 HPs)
             Began as a Demonspawn Gladiator on Oct 31, 2016.
             Was an Initiate of Gozag.
             Slain by Duskembrace's ghost (8 damage)
             ... on level 4 of the Dungeon.
             The game lasted 00:11:06 (4208 turns).

sveltemanboy the Poker (Demonspawn Gladiator)       Turns: 4208, Time: 00:11:07

Health: -1/50      AC:  9    Str: 18    XL:     7   Next: 42%
Magic:  7/7        EV: 11    Int:  9    God:    Gozag
Gold:   468        SH:  6    Dex: 13    Spells: 0 memorised, 6 levels left

rFire  . . .     SeeInvis .     n - +1 glaive (protect)
rCold  . . .     Gourm    .     q - +0 scale mail
rNeg   . . .     Faith    .     (shield currently unavailable)
rPois  .         Spirit   .     c - +0 helmet
rElec  .         Reflect  .     (no cloak)
rCorr  .         Harm     .     u - +0 pair of gloves
MR     ++...                    (no boots)
Stlth  ..........               r - amulet of rage
                                s - ring of protection from magic
                                w - ring of protection from magic

@: no status effects
A: large bone plates 2, powered by death 1
a: Potion Petition, Call Merchant, Bribe Branch, Renounce Religion, Evoke
Berserk Rage


You were on level 4 of the Dungeon.
You worshipped Gozag.
Gozag was aware of your devotion.
You were not hungry.

You visited 1 branch of the dungeon, and saw 4 of its levels.

You collected 491 gold pieces.
You paid 23 gold pieces to Gozag.

Inventory:

Hand Weapons
 a - a +0 trident
 n - a +1 glaive of protection (weapon)
Missiles
 m - 2 tomahawks (quivered)
Armour
 c - a +0 helmet (worn)
 q - a +0 scale mail (worn)
 u - a +0 pair of gloves (worn)
Jewellery
 j - an uncursed ring of flight
 r - an amulet of rage (around neck)
 s - a ring of protection from magic (right hand)
 w - a ring of protection from magic (left hand)
Wands
 d - a wand of heal wounds (0/9)
Scrolls
 b - 2 scrolls of teleportation
 g - a scroll of enchant weapon {unknown}
 i - 2 scrolls of immolation {unknown}
 k - 8 scrolls of identify {unknown}
 l - 3 scrolls of enchant armour {unknown}
 p - a scroll of noise {unknown}
 t - 3 scrolls of recharging {unknown}
Potions
 e - a potion of degeneration
Comestibles
 f - 2 bread rations
 h - 2 royal jellies


   Skills:
 + Level 2.0 Fighting
 * Level 6.1 Polearms
 - Level 4.0 Throwing
 - Level 3.0 Armour
 - Level 3.0 Dodging


You had 6 spell levels left.
You didn't know any spells.

Dungeon Overview and Level Annotations

Branches:
Dungeon (4/15)
 Temple: D:4-7

Altars:
Gozag
Hepliaklqana
Qazlal

Annotations:
D:4 Duskembrace's ghost, amateur OgMo


Innate Abilities, Weirdness & Mutations

You are mostly covered in large bone plates. (SH +6)
You regenerate a little health from kills.


Message History

Duskembrace's ghost barely misses you.
You barely miss Duskembrace's ghost.
Duskembrace's ghost is heavily damaged.
Duskembrace's ghost hits you but does no damage.
You miss Duskembrace's ghost.
Duskembrace's ghost is heavily damaged.
You block Duskembrace's ghost's attack. Duskembrace's ghost hits you.
You barely miss Duskembrace's ghost.
Duskembrace's ghost is heavily damaged.
Duskembrace's ghost hits you!
* * * LOW HITPOINT WARNING * * *
You are too injured to fight recklessly!
You are too injured to fight recklessly!
You are too injured to fight recklessly!
You are too injured to fight recklessly!
You miss Duskembrace's ghost.
Duskembrace's ghost is heavily damaged.
Duskembrace's ghost hits you!
You die...
Your body crumbles into a pile of gold.

#........#.....# #.#
.........#.....# #.#
..############## #.#
.)# #.# ..# #.# ..# #.#
..# #.# ..#
#####################.#
###
.(..(..W@..)..........#
###..(.##.#############
#.... #... #......
#.### #...### #.. #...
### '.. #. ##


You could see Duskembrace's ghost.

Vanquished Creatures
  Sigmund (D:2)
  2 ogres (D:4)
  A water moccasin skeleton (D:3)
  A howler monkey (D:4)
  2 orc wizards (D:4)
  Jessica (D:2)
  An iguana (D:4)
  A worker ant (D:4)
  7 adders
  2 oozes
  4 worms
  6 leopard geckos
  4 orcs
  7 bats
  5 giant cockroaches
  5 goblins
  10 hobgoblins
  2 jackals (D:1)
  2 quokkas
  4 ball pythons
  6 frilled lizards
  A jackal skeleton (D:4)
  6 kobolds
  9 rats
90 creatures vanquished.

Notes
Turn   | Place    | Note
-------+----------+-------------------------------------------
     0 | D:1      | sveltemanboy the Demonspawn Gladiator began the quest for the Orb.
     0 | D:1      | Reached XP level 1. HP: 16/16 MP: 1/1
   269 | D:1      | Reached skill level 3 in Polearms
   269 | D:1      | Gained mutation: You regenerate a little health from kills. [demonic ancestry]
   269 | D:1      | Reached XP level 2. HP: 17/22 MP: 2/2
   370 | D:1      | Reached skill level 1 in Armour
   772 | D:1      | Gained mutation: You are partially covered in large bone plates. (SH +4) [demonic ancestry]
   772 | D:1      | Reached XP level 3. HP: 25/27 MP: 3/3
   965 | D:2      | Noticed Jessica
   980 | D:2      | Killed Jessica
  1143 | D:2      | Gained mutation: You are mostly covered in large bone plates. (SH +6) [demonic ancestry]
  1143 | D:2      | Reached XP level 4. HP: 27/33 MP: 4/4
  1335 | D:2      | Found a faded altar of an unknown god.
  1335 | D:2      | Found a faded altar of an unknown god.
  1340 | D:2      | Found a faded altar of an unknown god.
  1342 | D:2      | Found an opulent altar of Gozag.
  1344 | D:2      | Found a faded altar of an unknown god.
  1364 | D:2      | Became a worshipper of Gozag Ym Sagoz the Greedy
  1522 | D:2      | Found a faded altar of an unknown god.
  1531 | D:2      | Noticed Sigmund
  1572 | D:2      | Killed Sigmund
  1572 | D:2      | Reached skill level 4 in Polearms
  1572 | D:2      | Reached XP level 5. HP: 37/38 MP: 5/5
  1786 | D:2      | Reached XP level 6. HP: 44/44 MP: 6/6
  2166 | D:3      | Reached skill level 5 in Polearms
  2465 | D:3      | Found a stormy altar of Qazlal.
  2623 | D:3      | Found a hazy altar of Hepliaklqana.
  3276 | D:4      | Reached XP level 7. HP: 42/50 MP: 7/7
  3706 | D:4      | Noticed Duskembrace's ghost (amateur OgMo)
  4181 | D:4      | Reached skill level 6 in Polearms
  4208 | D:4      | Slain by Duskembrace's ghost

Vault maps used:
D:1:      matt_arrival_grand_opening
D:2:      chequers_temple_overflow_minitemple, ecumenical_altar_2, uniq_sigmund,
          uniq_jessica
D:3:      marbit_many_paths, grunt_qazlal_clouds
D:4:      first_bread

Skill      XL: |  1  2  3  4  5  6  7 |
---------------+----------------------+-----
Polearms       | 3 4 5 6 |  6.1
Armour         | 1 2 3 |  3.0
Throwing       | 2 3 4 |  4.0
Dodging        | 3 |  3.0
Fighting       | |  2.0

Action                   |  1- 3 |  4- 6 |  7- 9 || total
-------------------------+-------+-------+-------++-------
Melee: Trident           |    96 |    69 |    10 ||   175
       Scythe            |       |   131 |       ||   131
       Glaive            |       |       |    49 ||    49
Throw: Tomahawk          |     4 |     7 |     2 ||    13
       Throwing net      |     3 |     1 |       ||     4
       Javelin           |       |    10 |     7 ||    17
Evoke: Wand              |       |       |     1 ||     1
  Use: Potion            |       |     6 |     2 ||     8
       Scroll            |       |       |     1 ||     1
 Stab: Sleeping          |     1 |     1 |       ||     2
       Held in net/web   |     1 |     1 |       ||     2
  Eat: Chunk             |     1 |     1 |       ||     2
       Meat ration       |       |     1 |       ||     1
       Bread ration      |       |     1 |       ||     1
Armor: Leather armour    |    26 |     1 |       ||    27
       Skin              |       |    12 |       ||    12
       Ring mail         |       |    38 |       ||    38
       Scale mail        |       |    18 |    17 ||    35
Dodge: Dodged            |    48 |    98 |    24 ||   170
Block: Other             |     1 |    51 |    12 ||    64
